 Dungeon Crawl Stone Soup version 0.17-a0-1510-gb3fb22e (webtiles) character file.

218042 Niuu the Eclecticist (level 18, -33/74 HPs)
             Began as a Spriggan Wizard on July 10, 2015.
             Was the Champion of Vehumet.
             Blown up by an orb spider (47 damage)
             ... with an orb of destruction
             ... on level 1 of the Spider Nest on July 11, 2015.
             The game lasted 12:18:36 (72095 turns).

Niuu the Eclecticist (Spriggan Wizard)             Turns: 72095, Time: 12:18:37

Health: -33/74     AC:  4    Str:  3    XL:     18   Next: 40%
Magic:  0/42       EV: 36    Int: 26    God:    Vehumet [******]
Gold:   542        SH:  0    Dex: 19    Spells: 16 memorised, 2 levels left

rFire  . . .     SeeInvis +     e - staff of energy
rCold  . . .     Clarity  .     V - +0 robe
rNeg   + . .     SustAt   .     (shield restricted)
rPois  +         Gourm    .     b - +1 hat
rElec  .         Spirit   .     D - +0 cloak
rCorr  .         Warding  +     (gloves unavailable)
rMut   .         Stasis   .     (boots unavailable)
MR     ++++.                    C - amulet of warding
Stlth  +++++++...               v - +3 ring of dexterity
                                O - ring "Fafix" {rPois EV+6}

@: very slightly contaminated, hasted, very quick, incredibly resistant to
hostile enchantments, extremely stealthy
A: unfitting armour, talons 1, see invisible, deterioration 1, herbivore 3,
speed 3, magic resistance 1, slow metabolism 2
a: Renounce Religion
}: 1/15 runes: decaying


You were on level 1 of the Spider Nest.
You worshipped Vehumet.
Vehumet was exalted by your worship.
You were full.

You visited 9 branches of the dungeon, and saw 36 of its levels.
You also visited: Bailey.

You collected 3614 gold pieces.
You spent 3072 gold pieces at shops.

Inventory:

Hand weapons
 l - the +7 greatsling "Punk" {freeze, rC+}
   (You found it on level 15 of the Dungeon)

   It causes projectiles fired from it to freeze those they strike, causing
   extra injury to most foes and up to half again as much damage against
   particularly susceptible opponents.
   They can also slow down cold-blooded creatures.
   It protects you from cold.
 r - the +5 quarterstaff of Dim Light {crush, rF+}
   (You took it off an orc on level 11 of the Dungeon)

   It inflicts extra damage upon your enemies.
   It protects you from fire.
 w - a +5 dagger of electrocution
 N - a +2 dagger of protection
 Z - the +1 eveningstar "Brilliance" {holy, rN+ AC+5 Int+5}
   (You took it off a spriggan druid on level 3 of the Swamp)

   It has been blessed by the Shining One to cause great damage to the undead
   and demons.
   It affects your AC (+5).
   It affects your intelligence (+5).
   It protects you from negative energy.
Armour
 b - a +1 hat (worn)
 D - a +0 cloak (worn)
 T - a +3 buckler of resistance
 V - a +0 robe (worn)
Magical staves
 e - an uncursed staff of energy (weapon)
 M - an uncursed staff of power
Jewellery
 a - a +5 ring of strength
 g - an uncursed ring of stealth
 m - the amulet of Ygoraur {+Rage MR+++ Str-5 SInv}
   (You took it off a yaktaur on level 15 of the Dungeon)

   [amulet of rage]

   It affects your strength (-5).
   It affects your resistance to hostile enchantments.
   It lets you see invisible.
   It lets you go berserk.
 v - a +3 ring of dexterity (right hand)
 C - an amulet of warding (around neck)
 O - the ring "Fafix" (left hand) {rPois EV+6}
   (You bought it in a shop on level 4 of the Orcish Mines)

   [ring of evasion]

   It affects your evasion (+6).
   It protects you from poison.
 P - an uncursed ring of wizardry
Magical devices
 f - a wand of invisibility (0)
 i - a wand of paralysis (12)
 j - a wand of digging (14)
 t - a wand of lightning (11)
 G - a wand of flame (35)
 H - a wand of invisibility (3)
 I - a wand of disintegration (15)
 X - a wand of heal wounds (4)
 Y - a wand of teleportation (3)
Scrolls
 c - 6 scrolls of enchant armour
 h - 21 scrolls of identify
 k - 13 scrolls of remove curse
 n - 2 scrolls of magic mapping
 p - 7 scrolls of teleportation
 q - 7 scrolls of amnesia
 u - 2 scrolls of recharging
 z - 4 scrolls of fog
 K - a scroll of blinking
 W - 2 scrolls of fear
Potions
 s - 9 potions of curing
 x - 3 potions of heal wounds
 A - 3 potions of invisibility
 B - 2 potions of resistance
 E - 2 potions of magic
 F - 5 potions of brilliance
 L - 2 potions of haste
 Q - a potion of beneficial mutation
 R - a potion of mutation
 U - 2 potions of might
Books
 J - a book of Annihilations

   Spells                             Type                      Level
   a - Poison Arrow                   Conjuration/Poison           6
   b - Chain Lightning                Conjuration/Air              8
   c - Lehudib's Crystal Spear        Conjuration/Earth            8
   d - Glaciate                       Conjuration/Ice              9
   e - Fire Storm                     Conjuration/Fire             9
Comestibles
 d - 19 bread rations
 o - 2 royal jellies


   Skills:
 - Level 13.0 Dodging
 - Level 14.0 Stealth
 - Level 19.0 Spellcasting
 - Level 18.0 Conjurations
 - Level 0.7 Summonings
 - Level 5.1 Translocations
 + Level 9.7 Fire Magic


You had 2 spell levels left.
You knew the following spells:

 Your Spells              Type           Power        Failure   Level  Hunger
a - Iskenderun's Mystic   Conj           #######.     0%          4    None
b - Blink                 Tloc           N/A          1%          2    None
c - Iskenderun's Battles  Conj/Chrm      ######..     1%          5    None
d - Throw Frost           Conj/Ice       ######       1%          2    None
e - Regeneration          Chrm/Necr      ###.......   8%          3    None
f - Fireball              Conj/Fire      #######...   1%          5    None
g - Summon Guardian Gole  Hex/Summ       ####....     6%          3    None
o - Ozocubu's Armour      Chrm/Ice       ###.....     8%          3    None
q - Iron Shot             Conj/Erth      ######....   2%          6    None
r - Repel Missiles        Chrm/Air       ###...       2%          2    None
s - Fulminant Prism       Conj/Hex       ######....   1%          4    None
t - Summon Butterflies    Summ           ####....     1%          1    None
w - Conjure Flame         Conj/Fire      #######.     1%          3    None
x - Orb of Destruction    Conj           #######...   1%          7    None
y - Delayed Fireball      Conj/Fire      N/A          1%          7    None
z - Magic Dart            Conj           ####         0%          1    None


Dungeon Overview and Level Annotations

Branches:
Dungeon (15/15)            Temple (1/1) D:6            Lair (8/8) D:11
  Swamp (4/4) Lair:5       Spider (1/4) Lair:6        Slime (0/6) Lair:8
    Orc (4/4) D:11            Elf (1/3) Orc:3        Vaults (0/5) D:13
 Depths (1/5) D:15           Hell (1/1)
    Dis: Hell:1         Geh: Hell:1         Coc: Hell:1         Tar: Hell:1

Altars:
Ashenzari
Cheibriados
Dithmenos
Elyvilon
Fedhas
Gozag
Kikubaaqudgha
Makhleb
Nemelex Xobeh
Okawaru
Qazlal
Ru
Sif Muna
Trog
Vehumet
Xom
Yredelemnul
Zin
The Shining One
Beogh

Shops:
D:5 }%   D:8 [   Orc:1 (   Orc:3 !   Orc:4 :(=}   Elf:1 !

Portals:
Hell: Lair:8

Annotations:
Hell Geryon


Innate Abilities, Weirdness & Mutations

You are tiny and cannot use many weapons and most armour.
You have supernaturally acute eyesight.
You are a herbivore.
You cover ground extremely quickly.
You need consume almost no food.
You have sharp toenails.
Your body sometimes deteriorates upon taking damage.
You are resistant to hostile enchantments.


Message History

Drink which item? (? for menu, Esc to quit)
Okay, then.
Read which item? (? for menu, Esc to quit)
Okay, then.
Drink which item? (? for menu, Esc to quit)
Okay, then.
The orb of destruction hits you!
Ouch! That really hurt!
* * * LOW HITPOINT WARNING * * *
The orb spider weaves a glowing orb of energy.
Drink which item? (? for menu, Esc to quit)
Okay, then.
Drink which item? (? for menu, Esc to quit)
You feel yourself speed up.
You are very lightly contaminated with residual magic.
Casting: Blink
Confirm with . or Enter, or press ? or * to list all spells.
You blink.
The orb of destruction hits you!
Ouch! That really hurt!
You die...

###### ### ##....##
#######.### #......## ##
#.........####.....(.##.#
............##§.@......#
............##..§......#
....>............§.....#
#............##...§....#
##...........###..§s...#
............## ####...##
. †.........#.########.##
##..
.###....###.......###.#
#.. .#######.........##
#.###.#


You could see an orb spider.

Vanquished Creatures
  Rupert (Lair:6)
  A sphinx (Depths:1)
  2 thorn hunters
  Agnes (D:14)
  Kirke (Swamp:4)
  A storm dragon (D:15)
  Roxanne (D:14)
  2 fire giants
  Donald (Orc:2)
  A deep elf sorcerer (Elf:1)
  Maud (D:10)
  Aizul (Swamp:4)
  Louise (Swamp:4)
  An emperor scorpion (Spider:1)
  A war gargoyle (D:11)
  Nessos (Orc:3)
  A deep elf annihilator (Elf:1)
  A dire elephant (Lair:8)
  2 yaktaur captains (D:15)
  Josephine (D:13)
  A great orb of eyes (D:15)
  The ghost of hackum the Cleaver, a powerful DrBe of Trog (Orc:3)
  The ghost of ileska the Basher, a powerful MiBe of Trog (D:11)
  A ghost crab (Swamp:3)
  30 hydras
  A rakshasa (Depths:1)
  Harold (Lair:2)
  7 centaur warriors
  A catoblepas (Lair:3)
  13 alligators
  9 death yaks
  3 tengu warriors (D:15)
  Urug (D:10)
  A sun demon (Lair:8)
  A spriggan berserker (Swamp:3)
  Sonja (D:15)
  11 skeletal warriors
  5 deep elf knights (Elf:1)
  A wizard (Lair:8)
  An unseen horror (D:15)
  4 spriggan druids
  A fire crab (D:15)
  2 flayed ghosts (D:15)
  14 swamp dragons
  A sea snake (shapeshifter) (D:15)
  An unseen horror (shapeshifter) (D:15)
  5 hill giants
  A necromancer (D:13)
  5 deep elf summoners (Elf:1)
  A shambling mangrove (Swamp:4)
  12 orc knights
  A wolf spider zombie (D:15)
  An orb spider (Lair:6)
  An oklob plant (Lair:8)
  A deep elf conjurer (Elf:1)
  14 slime creatures
  3 griffons
  13 ugly things
  5 hornets
  3 wolf spiders
  4 manticores
  A wolf spider (shapeshifter) (Elf:1)
  3 cyclopes
  16 elephants
  7 black mambas
  4 orange demons (Lair:8)
  26 spiny frogs
  A smoke demon (Lair:8)
  A torpor snail (shapeshifter) (D:15)
  2 yaktaurs (D:15)
  9 komodo dragons
  A komodo dragon (shapeshifter) (D:15)
  5 gargoyles
  A red devil (Lair:8)
  4 fire drakes
  4 kobold demonologists (D:14)
  A hellwing (Lair:8)
  A tengu conjurer (D:15)
  4 blue devils (Lair:8)
  2 polar bears
  11 trolls
  5 deep elf priests
  A queen bee (shapeshifter) (Elf:1)
  2 harpy skeletons
  Grinder (D:3)
  2 boulder beetles
  6 giant leeches
  Prince Ribbit (D:5)
  2 jumping spiders (Spider:1)
  A wind drake (shapeshifter) (D:15)
  9 bog bodies
  A hornet zombie (D:15)
  2 trapdoor spiders
  9 blink frogs
  3 two-headed ogres
  11 tarantellas (Spider:1)
  A human (Swamp:4)
  8 spriggans
  3 shadows
  2 hogs (Swamp:4)
  9 wraiths
  63 yaks
  A vampire (D:15)
  4 redbacks (Spider:1)
  13 deep elf magi
  6 basilisks
  3 wyverns
  3 hungry ghosts
  A golden eye (shapeshifter) (D:15)
  13 hippogriffs
  7 wargs
  2 spriggans (shapeshifter) (D:15)
  39 wolves
  26 vampire mosquitoes
  10 deep elf fighters
  A mottled dragon (D:15)
  21 insubstantial wisps
  31 swamp worms
  A hornet simulacrum (D:15)
  26 water moccasins
  4 spiders (Spider:1)
  A hell hound (Lair:8)
  5 ice beasts
  16 porcupines
  43 orc warriors
  15 swamp drakes
  A black bear (D:13)
  10 wasps
  A boggart (D:15)
  6 necrophages
  20 ogres
  3 phantoms
  2 eyes of draining
  14 centaurs
  19 crocodiles
  6 sky beasts
  2 brain worms
  A wyvern zombie (D:8)
  5 big kobolds
  22 giant frogs
  A water moccasin skeleton (D:10)
  9 scorpions
  A water moccasin zombie (D:12)
  4 wights (D:10)
  3 jellies
  7 killer bees
  An electric eel (Lair:1)
  The ghost of cosh the Slasher, a weakling HESk (D:3)
  33 orc priests
  4 hounds
  5 centaur zombies
  Ijyb (D:2)
  3 centaur skeletons
  2 giant frog skeletons
  A gnoll shaman (D:9)
  44 orc wizards
  3 quasits
  12 iguanas
  4 hell rats (Lair:4)
  9 worker ants
  13 sheep
  A killer bee zombie (D:8)
  2 centaur simulacra
  2 hound skeletons
  3 worker ant zombies
  Robin (D:4)
  12 adders
  47 river rats
  20 gnolls
  2 shadow imps
  3 adder skeletons
  3 worms
  227 orcs
  A ball python (D:1)
  16 bats
  2 bat skeletons
  A bat zombie (D:7)
  A giant cockroach (D:7)
  32 goblins
  36 hobgoblins
  9 jackals
  8 quokkas
  4 giant geckos
  6 giant newts
  31 kobolds
  A quokka skeleton (D:9)
  27 rats
  5 fulminant prisms
  4 fungi
1525 creatures vanquished.

Vanquished Creatures (others)
  A swamp dragon (Swamp:4)
  A hornet (Swamp:4)
  A spriggan (Swamp:4)
  A human (Swamp:4)
  A briar patch (Swamp:4)
  61 fulminant prisms
  62 fungi
  31 plants
  5 toadstools (Swamp:2)
164 creatures vanquished.

Grand Total: 1689 creatures vanquished

Notes
Turn   | Place    | Note
--------------------------------------------------------------
     0 | D:1      | Niuu the Spriggan Wizard began the quest for the Orb.
     0 | D:1      | Reached XP level 1. HP: 9/9 MP: 6/6
    43 | D:1      | Reached skill level 1 in Conjurations
   209 | D:1      | Reached XP level 2. HP: 13/13 MP: 4/8
  1067 | D:2      | Reached XP level 3. HP: 16/16 MP: 6/9
  1260 | D:2      | Noticed Ijyb
  1681 | D:2      | Killed Ijyb
  1681 | D:2      | Reached XP level 4. HP: 21/21 MP: 7/11
  2044 | D:3      | Noticed Grinder
  2170 | D:3      | Noticed cosh's ghost (weakling HESk)
  2586 | D:2      | Learned a level 2 spell: Blink
  2589 | D:2      | Learned a level 2 spell: Repel Missiles
  2680 | D:2      | Reached XP level 5. HP: 24/24 MP: 8/12
  2718 | D:3      | Paralysed by Grinder for 6 turns
  3004 | D:3      | You fall through a shaft for 3 floors!
  3009 | D:6      | Noticed an orc warrior
  3090 | D:5      | Entered Level 5 of the Dungeon
  3090 | D:5      | Noticed Prince Ribbit
  3099 | D:5      | Noticed an ogre
  3126 | D:5      | Noticed a hungry ghost
  3141 | D:5      | Found a shattered altar of Ashenzari.
  3192 | D:5      | Found Iviokubi's Gadget Emporium.
  3241 | D:4      | Noticed an ogre
  3420 | D:4      | Killed an ogre
  3420 | D:4      | Reached XP level 6. HP: 24/28 MP: 5/13
  3593 | D:3      | Reached skill level 5 in Conjurations
  3776 | D:3      | Killed Grinder
  3776 | D:3      | Reached XP level 7. HP: 32/32 MP: 9/14
  4248 | D:4      | Reached skill level 6 in Conjurations
  4360 | D:4      | Noticed Robin
  4423 | D:4      | Killed Robin
  4457 | D:4      | Found a glowing silver altar of Zin.
  4460 | D:4      | Noticed an angel
  4470 | D:4      | Found a shimmering altar of Xom.
  4528 | D:4      | Found a stormy altar of Qazlal.
  4867 | D:5      | Killed an ogre
  4894 | D:5      | Noticed a centaur
  4958 | D:5      | Killed a centaur
  5136 | D:5      | Reached skill level 5 in Spellcasting
  5327 | D:5      | Killed a hungry ghost
  5327 | D:5      | Reached XP level 8. HP: 36/36 MP: 8/18
  6063 | D:5      | Killed Prince Ribbit
  6085 | D:5      | Reached skill level 7 in Stealth
  6136 | D:4      | Found a shadowy altar of Dithmenos.
  6159 | D:5      | Found Roczeug's Food Boutique.
  6241 | D:6      | Found a staircase to the Ecumenical Temple.
  6242 | D:6      | Reached skill level 5 in Translocations
  6253 | Temple   | Entered the Ecumenical Temple
  6426 | Temple   | Became a worshipper of Vehumet
  6471 | D:6      | Noticed a sky beast
  6481 | D:6      | Noticed an ogre
  6489 | D:6      | Killed a sky beast
  6524 | D:6      | Killed an ogre
  6524 | D:6      | Reached skill level 8 in Stealth
  6533 | D:6      | Found a bloodstained altar of Trog.
  6606 | D:6      | Found an iron altar of Okawaru.
  6852 | D:5      | Reached skill level 9 in Stealth
  7067 | D:6      | Noticed an ice beast
  7089 | D:6      | Killed an ice beast
  7136 | D:6      | Found an ancient bone altar of Kikubaaqudgha.
  7409 | D:6      | Killed an orc warrior
  7409 | D:6      | Reached skill level 10 in Stealth
  7409 | D:6      | Reached XP level 9. HP: 39/39 MP: 8/20
  7564 | D:7      | Found a flagged portal.
  7587 | Bailey   | Entered a bailey
  7692 | Bailey   | Acquired Vehumet's first power
  7692 | Bailey   | Offered knowledge of Sandblast by Vehumet.
  7698 | Bailey   | Reached skill level 11 in Stealth
  8078 | Bailey   | Gained mutation: You passively map a small area around you. [potion of beneficial mutation]
  8387 | D:7      | Reached skill level 5 in Dodging
  8845 | D:6      | Found a stormy altar of Qazlal.
  8845 | D:6      | Found a blossoming altar of Fedhas.
  8845 | D:6      | Found a shadowy altar of Dithmenos.
  8980 | D:7      | Offered knowledge of Throw Frost by Vehumet.
  8986 | D:7      | Learned a level 2 spell: Throw Frost
  9482 | D:8      | Found a staircase to the Lair.
  9582 | D:8      | Found Gaff's Antique Armour Boutique.
  9590 | D:8      | Bought a robe for 16 gold pieces
 10625 | D:8      | Reached skill level 10 in Dodging
 10781 | D:9      | Offered knowledge of Throw Flame by Vehumet.
 10787 | D:9      | Learned a level 2 spell: Throw Flame
 10905 | D:8      | You fall through a shaft for 2 floors!
 10905 | D:10     | Entered Level 10 of the Dungeon
 10969 | D:10     | Noticed Urug
 11292 | D:9      | Reached XP level 10. HP: 40/44 MP: 23/23
 11428 | D:9      | Acquired Vehumet's second power
 11813 | D:9      | Found a white marble altar of Elyvilon.
 12305 | D:9      | Offered knowledge of Dazzling Spray by Vehumet.
 13072 | D:10     | Noticed a hill giant
 13521 | D:9      | Reached skill level 10 in Spellcasting
 13875 | D:9      | Noticed a centaur warrior
 13902 | D:9      | Killed a centaur warrior
 14031 | D:9      | Acquired Vehumet's third power
 14231 | D:9      | Killed a hill giant
 14703 | D:10     | Offered knowledge of Bolt of Draining by Vehumet.
 14706 | D:10     | Noticed a gargoyle
 14720 | D:10     | Killed a gargoyle
 14720 | D:10     | Reached XP level 11. HP: 47/47 MP: 12/26
 15075 | D:10     | Noticed Maud
 15609 | D:10     | Killed Urug
 15878 | D:11     | Noticed ileska's ghost (powerful MiBe)
 16277 | D:11     | Found a staircase to the Orcish Mines.
 16304 | D:11     | Found a staircase to the Lair.
 16315 | D:11     | Noticed a hill giant
 16388 | D:11     | Killed a hill giant
 17655 | D:11     | Got an iridescent quarterstaff
 17681 | D:10     | Identified the +5 quarterstaff of Dim Light {crush, rF+} (You took it off an orc on level 11 of the Dungeon)
 18116 | D:11     | Noticed a five-headed hydra
 18145 | D:11     | Noticed a centaur warrior
 18612 | D:10     | Offered knowledge of Lee's Rapid Deconstruction by Vehumet.
 19215 | D:10     | Reached skill level 10 in Conjurations
 19511 | D:10     | Killed a five-headed hydra
 20262 | D:11     | Learned a level 3 spell: Conjure Flame
 20271 | Lair:1   | Entered Level 1 of the Lair of Beasts
 21330 | Lair:1   | HP: 1/47 [yak (14)]
 21362 | Lair:1   | Reached XP level 12. HP: 4/51 MP: 7/28
 22547 | Lair:1   | Reached skill level 12 in Spellcasting
 22607 | Lair:1   | Noticed a seven-headed hydra
 22765 | Lair:1   | Killed a seven-headed hydra
 23125 | Lair:2   | Noticed Harold
 23142 | Lair:2   | Killed Harold
 24238 | Lair:2   | Reached skill level 13 in Spellcasting
 24942 | Lair:2   | Offered knowledge of Fulminant Prism by Vehumet.
 24948 | Lair:2   | Learned a level 4 spell: Fulminant Prism
 25133 | Lair:3   | Found a shimmering altar of Xom.
 25133 | Lair:3   | Noticed an eight-headed hydra
 25210 | Lair:3   | Killed an eight-headed hydra
 25398 | Lair:3   | Reached XP level 13. HP: 38/55 MP: 25/31
 25514 | Lair:3   | Noticed a catoblepas
 25903 | Lair:3   | Killed a catoblepas
 30053 | Lair:5   | Reached skill level 14 in Spellcasting
 30077 | Lair:5   | Found a staircase to the Swamp.
 30966 | Lair:6   | Found a radiant altar of Vehumet.
 30980 | Lair:6   | Lost mutation: You passively map a small area around you. [potion of cure mutation]
 31048 | Lair:6   | Gained mutation: You are resistant to hostile enchantments. [potion of beneficial mutation]
 31090 | Lair:6   | Gained mutation: Your body sometimes deteriorates upon taking damage. [potion of mutation]
 31090 | Lair:6   | Gained mutation: You have sharp toenails. [potion of mutation]
 31103 | Lair:6   | Noticed Rupert
 31904 | Lair:6   | HP: 2/55 [Rupert/great mace of holy wrath (38)]
 31978 | Lair:5   | Offered knowledge of Iskenderun's Battlesphere by Vehumet.
 32144 | Lair:5   | Learned a level 5 spell: Iskenderun's Battlesphere
 32322 | Lair:6   | Reached skill level 15 in Spellcasting
 32462 | Lair:6   | Found a hole to the Spider Nest.
 33022 | Lair:6   | Killed Rupert
 33587 | Lair:7   | Reached XP level 14. HP: 59/59 MP: 7/34
 34538 | Lair:8   | Entered Level 8 of the Lair of Beasts
 35313 | Lair:7   | Reached skill level 16 in Spellcasting
 35724 | Lair:8   | Offered knowledge of Ozocubu's Refrigeration by Vehumet.
 36157 | Lair:8   | Lost strength.
 36160 | Lair:8   | Found an iron altar of Okawaru.
 36450 | Lair:8   | Identified a scroll of acquirement
 36960 | Lair:8   | Reached skill level 17 in Spellcasting
 37096 | Lair:8   | Upgraded the game from 0.17-a0-1508-ge7f3dc3 to 0.17-a0-1510-gb3fb22e
 37365 | Lair:8   | Found a staircase to the Slime Pits.
 37633 | Lair:8   | Found a burning altar of Makhleb.
 37914 | Lair:8   | Reached skill level 18 in Spellcasting
 38494 | Lair:8   | Found a gateway to Hell.
 38595 | Lair:8   | HP: 2/59 [poisoned by a spiny frog]
 38622 | Lair:8   | Offered knowledge of Iron Shot by Vehumet.
 38630 | Lair:8   | Learned a level 6 spell: Iron Shot
 39012 | Hell     | Entered the Vestibule of Hell
 39012 | Hell     | Noticed Geryon
 39012 | Hell     | Noticed a cacodemon
 39155 | Swamp:1  | Entered Level 1 of the Swamp
 40098 | Swamp:1  | Reached XP level 15. HP: 63/63 MP: 12/38
 40272 | Swamp:1  | Reached skill level 19 in Spellcasting
 41591 | D:10     | Killed Maud
 42012 | D:3      | Killed cosh's ghost
 42299 | D:11     | Killed a centaur warrior
 42533 | D:11     | Killed ileska's ghost
 44456 | D:12     | Learned a level 1 spell: Summon Butterflies
 44756 | D:13     | Offered knowledge of Delayed Fireball by Vehumet.
 45122 | D:13     | Found a gate to the Vaults.
 45397 | D:13     | Noticed Josephine
 45467 | D:13     | Killed Josephine
 46041 | D:14     | Noticed Roxanne
 47352 | D:14     | Killed Roxanne
 47358 | D:14     | Identified Roxanne's Grimoire of Earth and Attacks (You took it off Roxanne on level 14 of the Dungeon)
 47745 | D:14     | Noticed Agnes
 47864 | D:14     | Killed Agnes
 48113 | D:14     | Found a blossoming altar of Fedhas.
 48166 | D:15     | Entered Level 15 of the Dungeon
 48421 | D:15     | Reached skill level 15 in Conjurations
 48688 | D:15     | Found a snail-covered altar of Cheibriados.
 48733 | D:15     | Learned a level 7 spell: Delayed Fireball
 48960 | D:15     | Found a deep blue altar of Sif Muna.
 49150 | D:15     | Offered knowledge of Bolt of Fire by Vehumet.
 49206 | D:15     | Found a shimmering altar of Xom.
 49821 | D:15     | Reached XP level 16. HP: 67/67 MP: 19/40
 50031 | D:15     | Noticed Sonja
 51079 | D:15     | Killed Sonja
 53801 | D:15     | Noticed a storm dragon
 54332 | D:15     | Killed a storm dragon
 54709 | D:15     | Learned a level 3 spell: Summon Guardian Golem
 54884 | D:15     | Got an ancient steel amulet
 55185 | D:15     | Found a staircase to the Depths.
 55229 | Depths:1 | Entered Level 1 of the Depths
 55581 | Orc:1    | Entered Level 1 of the Orcish Mines
 55989 | D:11     | Learned a level 3 spell: Ozocubu's Armour
 56239 | Orc:1    | Found Sattou's Weapon Shoppe.
 56836 | Orc:2    | Offered knowledge of Shatter by Vehumet.
 56836 | Orc:2    | Offered knowledge of Chain Lightning by Vehumet.
 56836 | Orc:2    | Offered knowledge of Tornado by Vehumet.
 56893 | Orc:3    | Found a staircase to the Elven Halls.
 56893 | Orc:3    | Noticed Nessos
 56899 | Orc:3    | Noticed hackum's ghost (powerful DrBe)
 56901 | Orc:3    | Killed Nessos
 57027 | Orc:3    | Noticed Donald
 57115 | Orc:2    | Killed Donald
 57236 | Orc:3    | Killed hackum's ghost
 57843 | Orc:3    | Found Qobb's Distillery.
 58383 | Orc:4    | Entered Level 4 of the Orcish Mines
 59172 | Orc:4    | Reached XP level 17. HP: 63/70 MP: 28/41
 59817 | Orc:4    | Lost strength.
 59817 | Orc:4    | Identified the amulet of Ygoraur {+Rage MR+++ Str-5 SInv} (You took it off a yaktaur on level 15 of the Dungeon)
 59880 | Orc:4    | Found a roughly hewn altar of Beogh.
 60056 | Orc:4    | Found Zaekh's Gadget Shop.
 60056 | Orc:4    | Found Hyroses's Jewellery Emporium.
 60574 | Orc:4    | Found Gibbeeciaz's Book Emporium.
 60574 | Orc:4    | Found Poavua's Weapon Shop.
 60597 | Orc:4    | Bought a book of Power for 630 gold pieces
 60606 | Orc:4    | Learned a level 7 spell: Orb of Destruction
 60611 | Orc:4    | Learned a level 4 spell: Iskenderun's Mystic Blast
 60647 | Orc:4    | Bought the ring "Fafix" {rPois EV+6} for 1516 gold pieces
 60733 | Elf:1    | Entered Level 1 of the Elven Halls
 61161 | Elf:1    | Found Awkiaj's Distillery.
 61250 | D:11     | Learned a level 3 spell: Regeneration
 62751 | Orc:4    | Bought a book of Fire for 910 gold pieces
 62758 | Orc:4    | Learned a level 5 spell: Fireball
 64456 | Swamp:2  | Noticed a thorn hunter
 64460 | Swamp:2  | Killed a thorn hunter
 65284 | Swamp:3  | Reached skill level 1 in Fire Magic
 67110 | Swamp:3  | Reached skill level 5 in Fire Magic
 67386 | Swamp:4  | Entered Level 4 of the Swamp
 67481 | Swamp:4  | Noticed Louise
 67481 | Swamp:4  | Noticed Aizul
 68178 | Swamp:4  | Killed Aizul
 69109 | Swamp:4  | Killed Louise
 69109 | Swamp:4  | Reached XP level 18. HP: 74/74 MP: 1/42
 69511 | Swamp:4  | Noticed Kirke
 69673 | Swamp:4  | Killed Kirke
 70530 | Swamp:4  | HP: 2/74 [eight-headed hydra (13)]
 71072 | Swamp:4  | Got a decaying rune of Zot
 71279 | Spider:1 | Entered Level 1 of the Spider Nest
 72095 | Spider:1 | Blown up by an orb spider

Vault maps used:
D:1:      sevenhm_arrival_forest_fort_large_4
D:2:      uniq_iyjb
D:3:      feat_on_display, uniq_grinder
D:4:      lemuel_upstairs_altar, grunt_temple_overflow_order_and_chaos_1,
          nicolae_qazlal_eye_of_the_storm, uniq_robin
D:5:      serial_shops, kennysheep_mini, shop, first_bread,
          nicolae_ashenzari_panopticon, uniq_prince_ribbit1
D:6:      nicolae_overflow_hidden_temple, minmay_temple_entry_trees,
          minivault_26, bloody_trog
D:7:      enter_bailey_3, hangedman_decor_riveting
D:8:      lair_0_dummy, serial_shops, shop
D:9:      elyvilon_altar_5
D:10:     uniq_maud, uniq_urug
D:11:     minmay_cut_squares, david_lair_generic
D:12:     grunt_pizzeria, library_closet
D:13:     david_vaults_1, uniq_josephine
D:14:     fedhas_altar_fruit_tree, uniq_agnes, uniq_roxanne
D:15:     hangedman_slaughterboxes, serial_shops, uniq_sonja
Temple:   bh_familiar_temple
Lair:1:   serial_bayou_shore_a
Lair:2:   mu_elephants_graveyard, enter_volcano_3,
          hangedman_lair_unloving_vines, st_stairs_6, infiniplex_staircase_pool,
          uniq_harold
Lair:3:   basic_altar, grunt_megastairs_4, lemuel_fruit_tree
Lair:4:   kennysheep_abandoned_house, lemuel_fruit_fields
Lair:5:   minmay_swamp_entry_worms, serial_bayou_shore_b
Lair:6:   nicolae_spider_entry_orb_guardian, basic_altar, roderic_carrion_pond,
          infiniplex_staircase_pool_2, uniq_rupert
Lair:7:   grunt_megastairs_3
Lair:8:   evil_forest, slime_dummy, lemuel_oklob_altar
Swamp:1:  evilmike_swamp_ruin_house_4, swamp_pool2
Swamp:2:  cheibrodos_swamp_tower_of_moss, hangedman_swamp_ruin_hall, swamp_pool3
Swamp:3:  cheibrodos_swamp_heart_of_darkness, evilmike_swamp_ruin_rubble_1
Swamp:4:  swamp_alternative, uniq_louise, uniq_kirke, uniq_aizul
Orc:1:    serial_shops, nicolae_shop_trees
Orc:3:    lemuel_ogre_cave, serial_shops, shop, nicolae_orc_pool_cavern,
          uniq_nessos, uniq_donald
Orc:4:    st_orc_town
Elf:1:    elf_arrival_001, serial_shops, nicolae_shop_crystal, minivault_28,
          hangedman_glass_teeth
Depths:1: enter_ziggurat_e, pf_vacation_house_of_asmodeus,
          minmay_misc_feat_more_columns, pan_entry,
          minmay_guarded_unrand_flaming_death
Bailey:   bailey_axe_2, bailey

Action                   |  1- 3 |  4- 6 |  7- 9 | 10-12 | 13-15 | 16-18 || total
-------------------------+-------+-------+-------+-------+-------+-------++-------
Melee: Dagger            |    37 |    22 |    51 |   180 |   133 |    21 ||   444
       Staff             |       |       |       |       |     4 |     5 ||     9
       Quick blade       |       |       |       |       |     7 |       ||     7
 Cast: Magic Dart        |    79 |   123 |   603 |   547 |    85 |   300 ||  1737
       Blink             |       |     1 |     9 |     6 |    38 |    24 ||    78
       Throw Frost       |       |       |     2 |   111 |   144 |       ||   257
       Throw Flame       |       |       |       |   614 |   895 |    48 ||  1557
       Repel Missiles    |       |       |       |     6 |     5 |     1 ||    12
       Conjure Flame     |       |       |       |     3 |       |       ||     3
       Fulminant Prism   |       |       |       |    10 |    35 |    21 ||    66
       Iskenderun's Batt |       |       |       |       |   147 |   164 ||   311
       Iron Shot         |       |       |       |       |   208 |   417 ||   625
       Summon Butterflie |       |       |       |       |     1 |     3 ||     4
       Ozocubu's Armour  |       |       |       |       |       |    25 ||    25
       Orb of Destructio |       |       |       |       |       |   141 ||   141
       Iskenderun's Myst |       |       |       |       |       |    55 ||    55
       Regeneration      |       |       |       |       |       |    15 ||    15
       Fireball          |       |       |       |       |       |    12 ||    12
       Delayed Fireball  |       |       |       |       |       |     7 ||     7
 Abil: Release Delayed F |       |       |       |       |       |     7 ||     7
Evoke: Wand              |       |       |       |     3 |       |     1 ||     4
  Use: Potion            |       |     1 |     9 |     6 |    11 |     2 ||    29
       Scroll            |       |       |    11 |     6 |     6 |    10 ||    33
 Stab: Sleeping          |    10 |    11 |    25 |    33 |    60 |     2 ||   141
       Distracted        |       |       |     2 |     6 |       |     2 ||    10
       Paralysed         |       |       |       |     1 |       |       ||     1
  Eat: Bread ration      |       |       |     1 |     2 |     1 |     1 ||     5
       Pizza             |       |       |       |     2 |     8 |     3 ||    13
       Fruit             |       |       |       |       |     8 |     9 ||    17
